Build Orders - Match 35326139 - cohdb - Company of Heroes 3 Replays
cohdb
Replays
Latest Replays
All Replays
Popular Replays
Top Player Replays
Match Explorer
How It Works
Community
CoH3 Stats
Reddit
Sign in to upload your games and track your stats! →
Sign in with Steam
Match 35326139
Unlisted
Match 35326139
Overview
Messages
Build Orders
End
Construct Barracks
Selects Special Operations Battlegroup
Riflemen Squad
M1 Mortar Team
Riflemen Squad
Riflemen Squad
Air Support Center
Construct Medical Station
Selects Smoke Screen
Engineer Squad
P-47 Strafing Run
Dahlian
Crossea
catchitin
苏大大
I'm a noob, don't scold me
Wangjun
0
0
Comments
sign in to comment!
No comments posted yet!